 Dungeon Crawl Stone Soup version 0.31-a0-7-g51783674b7 (webtiles) character file.

Game seed: 550955059137453124

3 pussydestroy1997 the Grave Robber (level 1, -1/10 HPs)
             Began as a Kobold Necromancer on May 5, 2023.
             Slain by a quokka (3 damage)
             ... on level 1 of the Dungeon.
             The game lasted 00:00:29 (55 turns).

pussydestroy1997 the Grave Robber (KoNe)              Turns: 55, Time: 00:00:30

Health: -1/10      AC:  2    Str:  5    XL:     1   Next: 55%
Magic:  2/3        EV: 15    Int: 16    God:
Gold:   0          SH:  0    Dex: 15    Spells: 3/4 levels left

rFire   . . .        (weapon restricted)
rCold   . . .        (no shield)
rNeg    . . .        a - +0 robe
rPois   .            (no helmet)
rElec   .            (no cloak)
rCorr   .            (no gloves)
SInv    .            (no boots)
Will    .....        (no amulet)
Stlth   +++          (no ring)
HPRegen 0.21/turn    (no ring)
MPRegen 0.08/turn

%: no passive effects
@: no status effects
A: small, no large weapons, nightstalker 3
a: no special abilities


You were on level 1 of the Dungeon.
You visited 1 branch of the dungeon, and saw 1 of its levels.

Inventory:

Armour
 a - a +0 robe (worn)
Potions
 b - a potion of magic


   Skills:
 + Level 2.4 Dodging
 + Level 2.7 Stealth
 + Level 2.2 Spellcasting
 + Level 4.1 Necromancy


You had 3 spell levels left.
You knew the following spells:

 Your Spells              Type           Power      Damage    Failure   Level
a - Necrotise             Necr           60%        1d7       3%          1

Your spell library contained the following spells:

 Spells                   Type           Power      Damage    Failure   Level
 Vampiric Draining        Necr           15%        2d7       11%         3
 Animate Dead             Necr           15%        N/A       36%         4
 Agony                    Necr           15%        N/A       71%         5


Dungeon Overview and Level Annotations

Branches:
Dungeon (1/15)

Altars:


Innate Abilities, Weirdness & Mutations

You are small and have problems with some larger weapons.
You are completely attuned to the shadows.


Message History

The rat bites you.
You barely miss the rat.
The rat is severely wounded.
The quokka closely misses you. The rat barely misses you.
You hit the rat but do no damage.
The rat is severely wounded.
The quokka twitches its whiskers.
The quokka bites you. The rat misses you.
You hit the rat.
You kill the rat!
The quokka bites you but does no damage.
The quokka misses you. The quokka barely misses you.
Things that are here:
a rat corpse; a hobgoblin corpse You hit the quokka but do no damage.
The quokka bites you.
Ouch! That really hurt!
* * * LOW HITPOINT WARNING * * *
You completely miss the quokka. The quokka bites you.
* * * LOW HITPOINT WARNING * * *
You closely miss the quokka. The quokka completely misses you.
You hit the quokka but do no damage. The quokka closely misses you.
You hit the quokka but do no damage. The quokka bites you.
* * * LOW HITPOINT WARNING * * *
The quokka barely misses you.
You hit the quokka.
The quokka is lightly wounded.
The quokka completely misses you.
You hit the quokka but do no damage.
The quokka is lightly wounded.
The quokka misses you.
You miss the quokka.
The quokka is lightly wounded.
The quokka misses you.
You hit the quokka.
The quokka is moderately wounded.
The quokka closely misses you.
You miss the quokka.
The quokka is moderately wounded.
The quokka bites you.
You die...

####### ##'###
##.....####.....
#......##.'.....
#......#..#.....
..
#......#.###+###
..####.........#
...............#
...............#
...r@..#.......#
.......#.......#
.......#........
................
##.....#.


You could see a quokka.

Vanquished Creatures
  A giant cockroach (D:1)
  A hobgoblin (D:1)
  A rat (D:1)
3 creatures vanquished.

Notes
Turn   | Place    | Note
-------+----------+-------------------------------------------
     0 | D:1      | pussydestroy1997 the Kobold Necromancer began the quest for
                  | the Orb.
     0 | D:1      | Reached XP level 1. HP: 10/10 MP: 3/3
    55 | D:1      | Slain by a quokka

Illustrated notes

Levels and vault maps discovered:
D:1:      dpeg_arrival_prison, layout_basic,
          shapermc_ecumenical_altar_mp_ritualfount

Action                     || total
---------------------------++-------
  Melee: Unarmed           ||    26
   Cast: Necrotise         ||     3
 Armour: Robe              ||     6
  Dodge: Dodged            ||    28

Table legend: (Time is in decaauts)
 A = Elapsed time spent in this place.
 B = Non-inter-level travel time spent in this place.
 C = Inter-level travel time spent in this place.
 D = Time resting spent in this place.
 E = Time spent auto-exploring this place.
 F = Levels seen in this place.
 G = Mean time per level.
                   A        B        C        D        E       F      G
               +--------+--------+--------+--------+--------+-----+--------+
         Total |     55 |     55 |      0 |      0 |      0 |   1 |   55.0 |
       Dungeon |     55 |     55 |      0 |      0 |      0 |   1 |   55.0 |
               +--------+--------+--------+--------+--------+-----+--------+

Top non-repeatable levels by time:
     D:1: 55 daAuts
